 Dungeon Crawl Stone Soup version 0.22-a0-848-ge9e22a0 (webtiles) character file.

64 Leszczynek the Cutter (level 3, -1/22 HPs)
             Began as a Deep Elf Monk on July 26, 2018.
             Slain by a hound (6 damage)
             ... on level 4 of the Dungeon.
             The game lasted 00:06:40 (1158 turns).

Leszczynek the Cutter (Deep Elf Monk)               Turns: 1158, Time: 00:06:41

Health: -1/22      AC:  2    Str:  8    XL:     3   Next: 91%
Magic:  5/5        EV: 14    Int: 15    God:
Gold:   48         SH:  0    Dex: 17    Spells: 2/2 levels left

rFire    . . .     SeeInvis .   a - +0 short sword
rCold    . . .     Gourm    .   (no shield)
rNeg     . . .     Faith    .   b - +0 robe
rPois    .         Spirit   .   (no helmet)
rElec    .         Reflect  .   (no cloak)
rCorr    .         Harm     .   (no gloves)
MR       .....                  (no boots)
Stlth    ++........             (no amulet)
HPRegen  0.07/turn              (no ring)
MPRegen  0.09/turn              (no ring)

@: no status effects
A: no striking features
a: no special abilities


You were on level 4 of the Dungeon.
You were hungry.

You visited 1 branch of the dungeon, and saw 5 of its levels.

You collected 48 gold pieces.

Inventory:

Hand Weapons
 a - a +0 short sword (weapon)
Missiles
 e - 77 stones (quivered)
 i - 5 needles of confusion
 n - 16 sling bullets
 o - 14 arrows
Armour
 b - a +0 robe (worn)
Wands
 p - a wand of digging (10)
Scrolls
 f - a scroll of enchant weapon {unknown}
 g - a scroll of magic mapping
 h - a scroll of teleportation {unknown}
 l - a scroll of identify {unknown}
 m - a scroll of remove curse {unknown}
Potions
 c - a potion of flight {unknown}
 j - a potion of curing {unknown}
 k - 2 potions of cancellation {unknown}
 q - a potion of mutation {unknown}
 r - a potion of lignification {unknown}
Comestibles
 d - 7 rations


   Skills:
 - Level 2.4 Fighting
 + Level 4.9 Short Blades
 - Level 3.6 Dodging
 - Level 2.4 Stealth


You had 2 spell levels left.
You didn't know any spells.
Your spell library was empty.

Dungeon Overview and Level Annotations

Branches:
Dungeon (5/15)
 Temple: D:4-7

Altars:

Annotations:
D:4 Purgy


Message History

You closely miss the hound.
The hound is heavily wounded.
The hound bites you.
You hit the hound.
The hound is almost dead.
The hound barely misses you.
You barely miss the hound.
The hound is almost dead.
The hound closely misses you. The hound misses you.
You barely miss the hound.
The hound is almost dead.
The hound bites you.
You hit the hound.
The hound is almost dead.
The hound closely misses you. The hound bites you.
* * * LOW HITPOINT WARNING * * *
You hit the hound.
The hound is almost dead.
The hound bites you.
You die...

*###########################
,..............h@......#...#
#########.############.#.#.#
.# #.####### #....#.# .##
#.##....# #..###.# ..#
#.##....# #......#
#.#######.##....###*#.######
#...............#..,#.*
#..######.##.####.#,#.*
##.#......##.# #.#,#.*


You could see a hound.

Vanquished Creatures
  An adder (D:4)
  A shadow imp (D:5)
  2 dart slugs (D:1)
  3 leopard geckos
  5 orcs (D:3)
  A ball python (D:3)
  3 bats
  5 giant cockroaches
  3 kobolds
  2 quokkas
  2 frilled lizards
  3 goblins
  A leopard gecko skeleton (D:4)
  2 rats (D:3)
34 creatures vanquished.

Notes
Turn   | Place    | Note
-------+----------+-------------------------------------------
     0 | D:1      | Leszczynek the Deep Elf Monk began the quest for the Orb.
     0 | D:1      | Reached XP level 1. HP: 13/13 MP: 3/3
   109 | D:1      | Reached XP level 2. HP: 18/18 MP: 4/4
   180 | D:2      | Noticed an ogre
   380 | D:3      | Reached skill level 4 in Short Blades
   395 | D:3      | Reached XP level 3. HP: 13/22 MP: 5/5
   738 | D:4      | Noticed an ogre
   866 | D:4      | Noticed Purgy
   866 | D:4      | Noticed a scorpion
   942 | D:5      | Entered Level 5 of the Dungeon
   942 | D:5      | Noticed an orc warrior
  1157 | D:4      | HP: 4/22 [hound (3)]
  1158 | D:4      | Slain by a hound

Vault maps used:
D:1:      dpeg_arrival_boxorama, hangedman_feature_mirror
D:2:      grunt_temple_overflow_open
D:3:      first_ration
D:4:      uniq_purgy
D:5:      serial_bayou, serial_bayou_shore_b, serial_bayou_pond_a,
          serial_bayou_shore_b, serial_bayou_shore_a, uniq_menkaure,
          uniq_blork_the_orc

Skill      XL: |  1  2 |
---------------+-------+-----
Short Blades   | 4 |  4.9
Fighting       | |  2.4
Dodging        | |  3.6
Stealth        | |  2.4

Action                   || total
-------------------------++-------
Melee: Short sword       ||   135
Throw: Stone             ||     4
  Use: Potion            ||     1
       Scroll            ||     1
 Stab: Sleeping          ||     8
       Invisible         ||     2
Armor: Robe              ||    18
Dodge: Dodged            ||    95

Table legend:
 A = Spawn XP
 B = Non-spawn XP
 C = Spawn XP percentage of total XP
 D = Spawn monster count
 E = Non-spawn monster count
 F = Spawn count percentage of total count
 G = Total turns spent on level
                    A         B        C        D         E        F      G
               +---------+---------+-------+---------+---------+-------+---------
         Total |       0 |      92 |   0.0 |       0 |      34 |   0.0 |  1158
               +---------+---------+-------+---------+---------+-------+---------
           D:1 |       0 |      25 |   0.0 |       0 |      11 |   0.0 |   319
           D:3 |       0 |      34 |   0.0 |       0 |      16 |   0.0 |   495
           D:4 |       0 |      22 |   0.0 |       0 |       6 |   0.0 |   298
           D:5 |       0 |      11 |   0.0 |       0 |       1 |   0.0 |    20
               +---------+---------+-------+---------+---------+-------+---------
